 Dungeon Crawl Stone Soup version 0.21.0-25-ge575cb9 (webtiles) character file.

22 Draznyth the Skirmisher (level 2, -1/20 HPs)
             Began as a Gargoyle Fighter on Jan 22, 2018.
             Killed from afar by Ijyb (2 damage)
             ... with a wand of flame (30)
             ... on level 3 of the Dungeon.
             The game lasted 00:01:53 (1295 turns).

Draznyth the Skirmisher (Gargoyle Fighter)          Turns: 1295, Time: 00:01:54

Health: -1/20      AC:  9    Str: 19    XL:     2   Next: 91%
Magic:  2/2        EV:  7    Int:  8    God:
Gold:   93         SH:  9    Dex:  9    Spells: 1/1 levels left

rFire    . . .     SeeInvis .   a - +0 war axe
rCold    . . .     Gourm    .   c - +0 shield
rNeg     + . .     Faith    .   b - +0 scale mail
rPois    ∞         Spirit   .   (no helmet)
rElec    +         Reflect  .   (no cloak)
rCorr    .         Harm     .   (no gloves)
MR       .....                  (no boots)
Stlth    ..........             (no amulet)
HPRegen  0.06/turn              (no ring)
MPRegen  0.08/turn              (no ring)

@: slowed, very slow
A: negative energy resistance 1, electricity resistance, unbreathing,
petrification resistance, rot immunity, AC +2
a: no special abilities


You were on level 3 of the Dungeon.
You were not hungry.

You visited 1 branch of the dungeon, and saw 3 of its levels.

You collected 93 gold pieces.

Inventory:

Hand Weapons
 a - a +0 war axe (weapon)
Armour
 b - a +0 scale mail (worn)
 c - a +0 shield (worn)
 j - a +0 pair of gloves
Jewellery
 h - an uncursed ring of flight {unknown}
 k - an uncursed amulet of rage {unknown}
Scrolls
 e - 3 scrolls of identify {unknown}
 g - a scroll of fog {unknown}
 m - a scroll of remove curse {unknown}
 o - a scroll of blinking {unknown}
 p - 2 scrolls of teleportation {unknown}
Potions
 d - a potion of might
 i - a potion of degeneration {unknown}
 l - 2 potions of curing {unknown}
Comestibles
 f - 3 rations


   Skills:
 * Level 3.7 Fighting
 * Level 2.2 Axes
 + Level 3.4 Armour
 + Level 3.4 Shields


You had one spell level left.
You didn't know any spells.

Dungeon Overview and Level Annotations

Branches:
Dungeon (3/15)

Altars:

Annotations:
D:2 Sigmund
D:3 Ijyb, Jessica


Innate Abilities, Weirdness & Mutations

You are resistant to torment.
Your stone body is resilient. (AC +2)
You are immune to poison.
You resist negative energy. (rN+)
You are resistant to electric shocks. (rElec)
You can survive without breathing.
You are immune to petrification.
You are immune to rotting.


Message History

You block Jessica's attack. Jessica barely misses you.
Jessica says, "Why did you come here?"
Jessica points at you and mumbles some strange words.
You feel yourself slow down.
Jessica gestures wildly.
Jessica misses you. You block Jessica's attack.
Jessica gestures wildly while chanting.
Jessica blinks!
Jessica mumbles some strange words.
Jessica blinks!
Ijyb screams, "You nasty!
Big nasty!"
Ijyb zaps a wand.
The puff of flame hits you!
* * * LOW HITPOINT WARNING * * *
Jessica looks very angry.
Jessica points at you and mumbles some strange words.
Pain shoots through your body!
* * * LOW HITPOINT WARNING * * *
Ijyb zaps a wand.
The puff of flame hits you!
You die...

...........# ............
.......... #.[..... # #.....## #
#......# #####+## .#
##+#######....J.#+#......# ....
..............g.@........#+#....
................................
.............@..................
g..................#............
##'#####...........#.......##...
##..g.........#....#............
##............#....#....÷..##..
##............+.............+
##............#.##########.##


You could see Ijyb, an ooze and Jessica.

Vanquished Creatures
  An ooze (D:2)
  A dart slug (D:1)
  A leopard gecko (D:2)
  A giant cockroach (D:2)
  2 goblins (D:1)
  A hobgoblin (D:1)
  A ball python (D:3)
  2 bats
  A frilled lizard (D:1)
  2 kobolds
  4 rats
17 creatures vanquished.

Notes
Turn   | Place    | Note
-------+----------+-------------------------------------------
     0 | D:1      | Draznyth the Gargoyle Fighter began the quest for the Orb.
     0 | D:1      | Reached XP level 1. HP: 14/14 MP: 1/1
   379 | D:1      | Reached XP level 2. HP: 15/19 MP: 2/2
   989 | D:2      | Noticed Sigmund
  1050 | D:3      | Found a faded altar of an unknown god.
  1261 | D:3      | Noticed Ijyb
  1273 | D:3      | Noticed Jessica
  1294 | D:3      | HP: 1/20 [Jessica/nerve-wracking pain (4)]
  1295 | D:3      | Killed from afar by Ijyb

Skill      XL: |  1 |
---------------+----+-----
Axes           | 2 |  2.2
Fighting       | |  3.7
Armour         | |  3.4
Shields        | |  3.4

Action                   || total
-------------------------++-------
Melee: War axe           ||    72
  Eat: Chunk             ||     1
Armor: Scale mail        ||    40
Dodge: Dodged            ||    18
Block: Shield            ||    41
